 Dungeon Crawl Stone Soup version 0.29-a0-90-gc37658a0fe (webtiles) character file.

Game seed: 15014943356793260138

8 cyrus the Skirmisher (level 2, 0/25 HPs)
             Began as a Djinni Abyssal Knight on Feb 6, 2022.
             Was an Initiate of Lugonu.
             Slain by a ball python (1 damage)
             ... on level 1 of the Dungeon.
             The game lasted 00:00:46 (339 turns).

cyrus the Skirmisher (Djinni Abyssal Knight)         Turns: 339, Time: 00:00:46

Health: 0/25       AC:  3    Str: 12    XL:     2   Next: 15%
Gold:   24         EV:  9    Int: 11    God:    Lugonu [......] SH:  0 Dex: 13

rFire   + + .      SeeInvis .   a - +1 falchion
rCold   x . .      Faith    .   (no shield)
rNeg    . . .      Spirit   .   b - +0 leather armour
rPois   ∞          Reflect  .   (no helmet)
rElec   .          Harm     .   (no cloak)
rCorr   .          Rampage  .   (no gloves)
Will    .....                   (boots unavailable)
Stlth   +.........              (no amulet)
HPRegen 0.08/turn               (no ring)
MPRegen 0.00/turn               (no ring)

@: flying, constricted
A: sickness immunity, fire resistance 2, cold vulnerability 1, float, innate
caster, HP casting, extra vitality 1
a: Renounce Religion


You were on level 1 of the Dungeon.
You worshipped Lugonu.
Lugonu was noncommittal.
You visited 1 branch of the dungeon, and saw 1 of its levels.
You visited the Abyss 1 time.

You collected 24 gold pieces.

Inventory:

Hand Weapons
 a - a +1 falchion (weapon)
Armour
 b - a +0 leather armour (worn)


   Skills:
 + Level 3.3 Fighting
 + Level 1.8 Long Blades
 + Level 1.0 Armour
 + Level 2.2 Dodging
 + Level 1.9 Invocations


You had one spell level left.
You didn't know any spells.
Your spell library was empty.

Dungeon Overview and Level Annotations

Branches:
Dungeon (1/15)

Altars:


Innate Abilities, Weirdness & Mutations

You are immune to sickness and miasma.
You are immune to poison.
Your flesh is very heat resistant. (rF++)
You are vulnerable to cold. (rC-)
You float through the air rather than walking.
You learn spells naturally, not from books.
Your magical power is your life essence.
You have superior vitality. (+4 MHP)


Message History

The ball python grabs you. The ball python constricts you.
You slash the endoplasm!
You kill the endoplasm!
Lugonu accepts your kill. The ball python barely misses you.
The ball python constricts you.
The kobold hits you with a +0 short sword.
You have reached level 2!
You barely miss the kobold. The ball python barely misses you.
The ball python constricts you.
The kobold hits you with a +0 short sword.
The ball python bites you but does no damage.
The ball python constricts you.
You hit the kobold.
You kill the kobold!
Lugonu accepts your kill. The ball python bites you.
* * * LOW HITPOINT WARNING * * *
The ball python constricts you.
* * * LOW HITPOINT WARNING * * *
Okay, then.
You escape the ball python's grasp.
The quokka closely misses you.
The quokka bites you but does no damage.
You hit the ball python.
The ball python is moderately wounded.
The ball python bites you but does no damage.
The ball python barely misses you. The quokka bites you.
* * * LOW HITPOINT WARNING * * *
You barely miss the ball python.
The ball python is moderately wounded.
The ball python bites you.
* * * LOW HITPOINT WARNING * * *
The ball python barely misses you. The quokka closely misses you.
The ball python bites you.
* * * LOW HITPOINT WARNING * * *
The ball python grabs you. The ball python constricts you.
The quokka bites you but does no damage.
You hit the ball python.
The ball python is severely wounded.
The ball python bites you.
You die...

...... #...........#.###
......###.....######...#
........#####.# #...#
........# #.# #...#
........#####'######...#
.......)...............#
.......................#
......rS...............#
.......@......>......###
.....................#
.....................#
.....$..####...##...##
..###.### #...####.# ..
#. #....[...# #.
##..####### #. #...#
#.#.#


You could see a quokka and a ball python.

Vanquished Creatures
  A dart slug (D:1)
  2 endoplasms (D:1)
  A kobold (D:1)
  A quokka (D:1)
5 creatures vanquished.

Notes
Turn   | Place    | Note
-------+----------+-------------------------------------------
     0 | Abyss:1  | cyrus the Djinni Abyssal Knight began the quest for the
                  | Orb.
     0 | Abyss:1  | Reached XP level 1. HP: 20/20 MP: 0/0
     3 | D:1      | Escaped the Abyss
   333 | D:1      | Reached XP level 2. HP: 15/25 MP: 0/0
   338 | D:1      | HP: 1/25 [ball python (1)]
   339 | D:1      | Slain by a ball python

Illustrated notes

Levels and vault maps discovered:
D:1:      roderic_crossed_star, layout_basic, shapermc_ecumenical_altar_ellora

Action                   || total
-------------------------++-------
Melee: Falchion          ||    20
       Punch             ||     1
Invok: Depart the Abyss  ||     1
 Stab: Sleeping          ||     1
Armor: Leather armour    ||     9
Dodge: Dodged            ||    24

Table legend: (Time is in decaauts)
 A = Elapsed time spent in this place.
 B = Non-inter-level travel time spent in this place.
 C = Inter-level travel time spent in this place.
 D = Time resting spent in this place.
 E = Time spent auto-exploring this place.
 F = Levels seen in this place.
 G = Mean time per level.
                   A        B        C        D        E       F      G
               +--------+--------+--------+--------+--------+-----+--------+
         Total |    343 |    343 |      0 |    217 |     38 |   2 |  171.5 |
       Dungeon |    340 |    340 |      0 |    217 |     38 |   1 |  340.0 |
         Abyss |      3 |      3 |      0 |      0 |      0 |   1 |    3.0 |
               +--------+--------+--------+--------+--------+-----+--------+

Top non-repeatable levels by time:
     D:1: 340 daAuts
 Abyss:1: 3 daAuts
